 Dungeon Crawl Stone Soup version 0.21-a0-434-g806c6c2 (webtiles) character file.

45 HAL9000 the Sneak (level 3, 0/18 HPs)
             Began as a Vine Stalker Assassin on Nov 8, 2017.
             Succumbed to an adder's poison
             ... on level 2 of the Dungeon.
             The game lasted 00:01:30 (1132 turns).

HAL9000 the Sneak (Vine Stalker Assassin)           Turns: 1132, Time: 00:01:31

Health: 0/18       AC:  3    Str: 14    XL:     3   Next: 64%
Magic:  4/4        EV: 11    Int: 11    God:
Gold:   45         SH:  0    Dex: 15    Spells: 2/2 levels left

rFire    . . .     SeeInvis .   a - +2 dagger
rCold    . . .     Gourm    .   (no shield)
rNeg     . . .     Faith    .   c - +0 robe
rPois    .         Spirit   +   (no helmet)
rElec    .         Reflect  .   d - +0 cloak
rCorr    .         Harm     .   (no gloves)
MR       .....                  (no boots)
Stlth    +++.......             (no amulet)
HPRegen  0.06/turn              (no ring)
MPRegen  0.09/turn              (no ring)

@: lethally poisoned (0 -> -4)
A: fangs 2, magic shield, antimagic bite, no potion heal 3, rot immunity
a: no special abilities


You were on level 2 of the Dungeon.
You were not hungry.

You visited 1 branch of the dungeon, and saw 2 of its levels.

You collected 45 gold pieces.

Inventory:

Hand Weapons
 a - a +2 dagger (weapon)
 b - a +0 blowgun
Missiles
 e - 23 poisoned needles
 f - 10 curare-tipped needles
 o - 2 tomahawks (quivered)
 q - 4 javelins of returning
Armour
 c - a +0 robe (worn)
 d - a +0 cloak (worn)
Scrolls
 k - 3 scrolls of remove curse {unknown}
 m - a scroll of teleportation {unknown}
 p - 4 scrolls of identify {unknown}
Potions
 j - a potion of invisibility
Comestibles
 g - a bread ration
 n - a chunk of flesh


   Skills:
 - Level 1.7 Fighting
 * Level 3.2 Short Blades
 - Level 1.7 Throwing
 - Level 0.7 Dodging
 + Level 5.2 Stealth


You had 2 spell levels left.
You didn't know any spells.

Dungeon Overview and Level Annotations

Branches:
Dungeon (2/15)

Altars:


Innate Abilities, Weirdness & Mutations

You have extremely sharp teeth.
When hurt, damage is shared between your health and your magic reserves.
Your bite disrupts and absorbs the magic of your enemies.
Potions cannot restore your health.
You are immune to rotting.


Message History

It was a potion of might.
You feel very mighty all of a sudden.
* * * LOW HITPOINT WARNING * * *
You feel sick. The kobold closely misses you.
Unknown command.
It was a potion of heal wounds.
That seemed strangely inert.
The kobold closely misses you.
Unknown command.
It was a potion of ambrosia.
You are confused.
Your system rejects the healing.
You feel invigorated. The kobold barely misses you.
It was a potion of cancellation.
Your magical effects are unravelling.
You feel magically purged.
Your magical contamination has completely faded away.
You feel less invigorated.
You flicker back into view.
You feel less confused.
You feel a little less mighty now.
You die...

### #<# #.# #@# #K#
########.######### ###
.........##.....!######..
#####...##..............
.........................
.#####.#...(.............
#+#####+###.........
#........#


You could see a kobold.

Vanquished Creatures
  An adder (D:2)
  2 worms (D:2)
  A dart slug (D:1)
  A giant cockroach (D:1)
  4 goblins
  4 hobgoblins (D:1)
  3 jackals (D:1)
  A ball python (D:1)
  5 bats
  2 frilled lizards
  4 rats (D:1)
28 creatures vanquished.

Notes
Turn   | Place    | Note
-------+----------+-------------------------------------------
     0 | D:1      | HAL9000 the Vine Stalker Assassin began the quest for the Orb.
     0 | D:1      | Reached XP level 1. HP: 11/11 MP: 2/2
   167 | D:1      | Reached XP level 2. HP: 15/15 MP: 3/3
   517 | D:1      | Reached skill level 5 in Stealth
   754 | D:1      | Reached XP level 3. HP: 12/18 MP: 4/4
  1132 | D:2      | Succumbed to an adder's poison

Vault maps used:
D:1:      dpeg_arrival_rooms_b
D:2:      grunt_temple_overflow_holy_war, first_bread, uniq_terence

Skill      XL: |  1  2  3 |
---------------+----------+-----
Short Blades   | 2 3 |  3.2
Stealth        | 5 |  5.2
Fighting       | |  1.7
Throwing       | |  1.7
Dodging        | |  0.7

Action                   || total
-------------------------++-------
Melee: Dagger            ||    91
       Bite              ||    19
  Use: Potion            ||     5
 Stab: Sleeping          ||     7
       Invisible         ||     1
  Eat: Chunk             ||     1
Armor: Robe              ||    15
Dodge: Dodged            ||    55

Table legend:
 A = Spawn XP
 B = Non-spawn XP
 C = Spawn XP percentage of total XP
 D = Spawn monster count
 E = Non-spawn monster count
 F = Spawn count percentage of total count
 G = Total turns spent on level
                    A         B        C        D         E        F      G
               +---------+---------+-------+---------+---------+-------+---------
         Total |       0 |      65 |   0.0 |       0 |      28 |   0.0 |  1132
               +---------+---------+-------+---------+---------+-------+---------
           D:1 |       0 |      35 |   0.0 |       0 |      21 |   0.0 |   908
           D:2 |       0 |      30 |   0.0 |       0 |       7 |   0.0 |   224
               +---------+---------+-------+---------+---------+-------+---------
